 Dungeon Crawl Stone Soup version 0.27-a0-797-g27d10ad (webtiles) character file.

Game seed: 11430293298894601071

3060 TheGoonsmith the Grappler (level 9, 0/92 HPs)
             Began as a Troll Monk on Mar 27, 2021.
             Slain by Maggie
             ... wielding a +1 broad axe of flaming
              (3 damage)
             ... on level 7 of the Dungeon.
             The game lasted 00:09:33 (5187 turns).

TheGoonsmith the Grappler (Troll Monk)              Turns: 5187, Time: 00:09:34

Health: 0/92       AC:  7    Str: 27    XL:     9   Next: 57%
Magic:  8/8        EV: 12    Int:  6    God:
Gold:   167        SH:  0    Dex: 15    Spells: 8/8 levels left

rFire    . . .     SeeInvis .     - Unarmed
rCold    . . .     Faith    .   (no shield)
rNeg     . . .     Spirit   .   o - +0 steam dragon scales
rPois    .         Reflect  .   (helmet restricted)
rElec    .         Harm     .   (no cloak)
rCorr    .         Rampage  .   (gloves unavailable)
Will     .....                  (boots unavailable)
Stlth    ++........             t - amulet of regeneration
HPRegen  2.25/turn              s - +6 ring of strength
MPRegen  0.11/turn              (no ring)

@: mesmerised, hasted, studying Shields, very quick
A: large, unfitting armour, claws 3, regeneration 1, shaggy fur 1, tough skin 1
a: no special abilities


You were on level 7 of the Dungeon.
You visited 2 branches of the dungeon, and saw 8 of its levels.

You collected 201 gold pieces.
You spent 34 gold pieces at shops.

Inventory:

Armour
 a - a +1 robe
 o - +0 steam dragon scales (worn)
Jewellery
 h - a ring of wizardry
 i - an amulet of magic regeneration
 s - a +6 ring of strength (left claw)
 t - an amulet of regeneration (around neck)
Scrolls
 b - 2 scrolls of enchant weapon
 f - a scroll of fog
 g - a scroll of blinking
Potions
 c - 2 potions of degeneration
 e - a potion of brilliance
 j - a potion of ambrosia
 k - a potion of flight
 m - 2 potions of heal wounds {unknown}
 p - a potion of attraction {unknown}
 q - a potion of mutation {unknown}
 r - a potion of might {unknown}
 u - a potion of invisibility {unknown}


   Skills:
 + Level 6.4 Fighting
 - Level 5.0 Dodging
 - Level 1.0 Stealth
 * Level 10.5 Unarmed Combat


You had 8 spell levels left.
You didn't know any spells.
Your spell library contained the following spells:

 Spells                   Type           Power      Damage    Failure   Level
 Animate Skeleton         Necr           0%         N/A       45%         1
 Apportation              Tloc           0%         N/A       45%         1
 Corona                   Hex            0%         N/A       45%         1
 Foxfire                  Conj/Fire      0%         2x1d4     45%         1
 Summon Small Mammal      Summ           0%         N/A       45%         1
 Conjure Flame            Conj/Fire      0%         6-21      83%         3
 Inner Flame              Hex/Fire       0%         N/A       83%         3
 Sticky Flame             Conj/Fire      0%         2d3       99%         4
 Fireball                 Conj/Fire      0%         3d3       100%        5


Dungeon Overview and Level Annotations

Branches:
Dungeon (7/15)             Temple (1/1) D:5

Altars:
Ashenzari
Cheibriados
Dithmenos
Fedhas
Gozag
Hepliaklqana
Kikubaaqudgha
Nemelex Xobeh
Qazlal
Ru
Sif Muna
Trog
Uskayaw
Vehumet
Wu Jian
Xom
Yredelemnul
Zin
The Shining One

Shops:
D:2 *   D:5 *   D:6 (

Portals:
Abyss: D:4

Annotations:
D:4 2 transporters, Dega's ghost, novice DsFi
D:7 Maggie


Innate Abilities, Weirdness & Mutations

You are too large for most types of armour.
You have claws for hands.
Your natural rate of healing is unusually fast.
You are covered in fur. (AC +1)
You have tough skin. (AC +1)


Message History

You claw Maggie!
Maggie is moderately wounded.
The orc wizard hits you but does no damage.
Maggie misses you.
You scratch Maggie but do no damage.
Maggie is moderately wounded.
You closely miss Maggie. You claw Maggie!
Maggie is severely wounded.
The orc wizard gestures at you while chanting.
You easily resist.
Maggie closely misses you.
You barely miss Maggie.
Maggie is heavily wounded.
You scratch Maggie.
Maggie is severely wounded.
Maggie hits you with a +1 broad axe of flaming!!
* * * LOW HITPOINT WARNING * * *
Maggie burns you.
* * * LOW HITPOINT WARNING * * *
The orc wizard barely misses you.
You feel better. Maggie barely misses you.
The orc wizard points at you and mumbles some strange words.
The magic dart hits you.
* * * LOW HITPOINT WARNING * * *
You closely miss Maggie.
Maggie is heavily wounded.
The ogre closely misses you.
You claw the orc wizard!
The orc wizard is heavily wounded.
Maggie closely misses you.
The orc wizard points at you and mumbles some strange words.
You easily resist.
You claw the orc wizard!
You kill the orc wizard!
The ogre hits you with a +0 giant spiked club!
* * * LOW HITPOINT WARNING * * *
You feel better.
Maggie hits you with a +1 broad axe of flaming!
* * * LOW HITPOINT WARNING * * *
Maggie burns you.
You die...

...... #...........#
.....O. ##.......#####
.......##........#
......O..........#
............@).#.##
.............#.#..##
.......#.#.oo##....#
#......####[###@)O.###
##.......)).[#..@)...#
........#.#.###......#
.......####.##<.....##
.......# #.).......#
#.....## ###..#.#.##
(..... #..##### ......
#..# ..##.. .... ..
... ....##


You could see Maggie (mesmerising) and an ogre.

Vanquished Creatures
  Joseph (D:7)
  A troll (D:5)
  Grinder (D:6)
  A steam dragon (D:6)
  Menkaure (D:4)
  2 orc warriors
  A water moccasin (D:5)
  A black bear (D:4)
  A necrophage (D:6)
  4 ogres
  A phantom (D:5)
  A bullfrog (D:6)
  A wyvern skeleton (D:6)
  2 scorpions
  A killer bee (D:4)
  2 bullfrog zombies (D:5)
  4 hounds
  2 jellies
  3 orc priests
  A centaur skeleton (D:3)
  4 iguanas
  A gnoll shaman (D:3)
  6 orc wizards
  A howler monkey skeleton (D:5)
  10 gnolls
  5 adders
  An ufetubus (D:5)
  4 worms
  2 dart slugs
  11 orcs
  8 ball pythons
  10 endoplasms
  3 giant cockroaches
  5 goblins
  11 hobgoblins
  11 jackals
  3 quokkas (D:4)
  A ball python zombie (D:1)
  4 bats
  4 frilled lizards
  8 kobolds
  A quokka zombie (D:1)
  3 rats
149 creatures vanquished.

Vanquished Creatures (others)
  An orc (D:7)
1 creature vanquished.

Grand Total: 150 creatures vanquished

Notes
Turn   | Place    | Note
-------+----------+-------------------------------------------
     0 | D:1      | TheGoonsmith the Troll Monk began the quest for the Orb.
     0 | D:1      | Reached XP level 1. HP: 22/22 MP: 0/0
    57 | D:1      | Reached XP level 2. HP: 16/29 MP: 1/1
   368 | D:1      | Reached XP level 3. HP: 36/36 MP: 2/2
   885 | D:2      | Found a bloodstained altar of Trog.
   985 | D:2      | Found a snail-covered altar of Cheibriados.
  1023 | D:2      | Found Ylezoph's General Store.
  1115 | D:2      | Found a broken altar of Ashenzari.
  1116 | D:2      | Found an ornate altar of the Wu Jian Council.
  1117 | D:2      | Found a shimmering altar of Xom.
  1666 | D:3      | Reached skill level 4 in Unarmed Combat
  1666 | D:3      | Reached XP level 4. HP: 40/44 MP: 3/3
  1902 | D:3      | Found a glowing golden altar of the Shining One.
  2224 | D:3      | Reached XP level 5. HP: 40/53 MP: 4/4
  2422 | D:4      | Found a transporter.
  2422 | D:4      | Noticed Menkaure
  2431 | D:4      | Killed Menkaure
  2432 | D:4      | Reached skill level 5 in Unarmed Combat
  2432 | D:4      | Reached XP level 6. HP: 46/61 MP: 5/5
  2554 | D:4      | HP: 2/61 [ogre/+0 giant club (18)]
  2751 | D:4      | Reached skill level 6 in Unarmed Combat
  2751 | D:4      | Reached XP level 7. HP: 36/68 MP: 6/6
  2961 | D:4      | Identified the +1 leather armour of the Farrier {rN+ Str+3}
  3053 | D:4      | Found a transporter.
  3055 | D:4      | Found a one-way gate to the infinite horrors of the Abyss.
  3055 | D:4      | Noticed Dega's ghost (novice DsFi)
  3111 | D:4      | Found a blossoming altar of Fedhas.
  3188 | D:5      | Entered Level 5 of the Dungeon
  3323 | D:5      | Reached skill level 7 in Unarmed Combat
  3500 | D:5      | Found Fuleh's Assorted Antiques.
  3508 | D:5      | Bought a scroll labelled HALEIRRE VIVIN for 34 gold pieces
  3579 | D:5      | Found a staircase to the Ecumenical Temple.
  3585 | Temple   | Entered the Ecumenical Temple
  3815 | D:5      | Reached XP level 8. HP: 79/79 MP: 7/7
  3888 | D:5      | Noticed a troll
  3892 | D:5      | Killed a troll
  3947 | D:5      | Reached skill level 5 in Fighting
  3947 | D:5      | Reached skill level 5 in Dodging
  3947 | D:5      | Reached skill level 8 in Unarmed Combat
  4492 | D:6      | Reached skill level 9 in Unarmed Combat
  4542 | D:6      | Found a glowing silver altar of Zin.
  4599 | D:6      | Reached XP level 9. HP: 53/88 MP: 8/8
  4725 | D:6      | Found Buhoxun's Antique Weapon Shoppe.
  4853 | D:6      | Noticed Grinder
  4860 | D:6      | Killed Grinder
  4982 | D:7      | Noticed Joseph
  5070 | D:7      | Noticed Maggie
  5157 | D:6      | Reached skill level 10 in Unarmed Combat
  5176 | D:7      | Killed Joseph
  5186 | D:7      | HP: 3/92 [ogre/+0 giant spiked club (11)]
  5187 | D:7      | Slain by Maggie

Illustrated notes

Levels and vault maps discovered:
D:1:      saegor_arrival_fortress, layout_loops_ring
D:2:      layout_loops_ring, lemuel_doored_altar, grunt_temple_overflow_open,
          serial_shops, shop, trog_book
D:3:      layout_loops_ring, nicolae_tso_swordbearing_angel
D:4:      minmay_diamond_boxcup, layout_rooms, fedhas_altar_4,
          gammafunk_ghost_abyssal_escape, hangedman_abyss_or_decor_lesser_grid,
          uniq_menkaure
D:5:      layout_loops_cross, minmay_temple_entry_statues, serial_shops, shop,
          minmay_manual_mandibuliform
D:6:      layout_loops_ring, serial_shops, nicolae_shop_behind_doors,
          basic_altar, uniq_grinder
D:7:      layout_cave_pools, bloody_makhleb, lemuel_coloured_pillars_altar,
          kennysheep_mini, uniq_joseph, uniq_maggie
Temple:   nicolae_temple_figure_eight

Skill      XL: |  1  2  3  4  5  6  7  8  9 |
---------------+----------------------------+-----
Dodging        | 3 4 5 |  5.0
Unarmed Combat | 4 5 6 7 9 10 | 10.5
Fighting       | 3 4 5 6 |  6.4
Stealth        | |  1.0

Action                   |  1- 3 |  4- 6 |  7- 9 || total
-------------------------+-------+-------+-------++-------
Melee: Unarmed           |   107 |   116 |   184 ||   407
       Punch             |     3 |     1 |     7 ||    11
  Use: Scroll            |       |       |    14 ||    14
       Potion            |       |       |     5 ||     5
 Stab: Sleeping          |     3 |     4 |     3 ||    10
Armor: Robe              |    36 |    25 |    23 ||    84
       Steam dragon scal |       |       |    12 ||    12
Dodge: Dodged            |    57 |    54 |    87 ||   198

Table legend: (Time is in decaauts)
 A = Elapsed time spent in this place.
 B = Non-inter-level travel time spent in this place.
 C = Inter-level travel time spent in this place.
 D = Time resting spent in this place.
 E = Time spent auto-exploring this place.
 F = Levels seen in this place.
 G = Mean time per level.
                   A        B        C        D        E       F      G
               +--------+--------+--------+--------+--------+-----+--------+
         Total |   5118 |   4875 |    243 |      6 |   3971 |   8 |  639.8 |
       Dungeon |   4910 |   4678 |    232 |      6 |   3775 |   7 |  701.4 |
        Temple |    207 |    196 |     11 |      0 |    196 |   1 |  207.0 |
               +--------+--------+--------+--------+--------+-----+--------+

Top non-repeatable levels by time:
     D:1: 860 daAuts
     D:4: 831 daAuts
     D:5: 801 daAuts
     D:6: 793 daAuts
     D:3: 772 daAuts
     D:2: 750 daAuts
  Temple: 207 daAuts
     D:7: 100 daAuts
